[Event "AUT-ch U18-Open 2025"]
[Site "Fuerstenfeld"]
[Date "2025.04.16"]
[Round "6.1"]
[White "Balint, Peter"]
[Black "Gschiel, Alexander"]
[Result "1/2-1/2"]
[Annotator "RC"]
[ECO "B13"]
[WhiteElo "2366"]
[BlackElo "2317"]
[PlyCount "99"]
[EventDate "2025.04.12"]
[EventType "swiss"]
[EventCountry "AUT"]
[SourceTitle "playchess.com"]
[Source "ChessBase"]
[SourceQuality "1"]
[TimeControl "5400+30"]

1. e4 c6 2. Nf3 d5 3. exd5 cxd5 4. d4 Nf6 5. c3 Nc6 6. Ne5 e6 7. Nd2 Nxe5 8. dxe5 Nd7 9. Nf3 Bc5 10. Bd3 Qc7 11. Qe2 O-O 12. O-O f6 13. exf6 Nxf6 14. h3 Bd7 15. Be3 Bd6 16. Bd4 a6 17. Rae1 Ne4 18. Bxe4 dxe4 19. Qxe4 Rf4 20. Qe3 Bb5 21. Ne5 Rf5 22. c4 Bxe5 23. cxb5 Bxd4 24. Qxd4 axb5 25. Rxe6 Qc4 26. Qxc4 bxc4 27. Rb6 Rxa2 28. Rxb7 Rfa5 29. Rc7 Rxb2 30. Rxc4 Rba2 31. Rcc1 Rf5 32. g3 h5 33. Kg2 Kf7 34. Rc6 g6 35. g4 hxg4 36. hxg4 Rf4 37. Kg3 g5 38. Rc3 Raa4 39. f3 Rac4 40. Re3 Rf6 41. Ra1 Rcf4 42. Kg2 Kg6 43. Ra5 Kh6 44. Ra8 Rf8 45. Re6+ R4f6 46. Rxf6+ Rxf6 47. Rg8 Ra6 48. Kf2 Ra2+ 49. Kg3 Rb2 50. Kh3 1/2-1/2

[Event "AUT-ch U18-Open 2025"]
[Site "Fuerstenfeld"]
[Date "2025.04.16"]
[Round "6.2"]
[White "Leitgeb, Julian"]
[Black "Wendl, Philipp"]
[Result "1/2-1/2"]
[Annotator "RC"]
[ECO "C55"]
[WhiteElo "2313"]
[BlackElo "2268"]
[PlyCount "51"]
[EventDate "2025.04.12"]
[EventType "swiss"]
[EventCountry "AUT"]
[SourceTitle "playchess.com"]
[Source "ChessBase"]
[SourceQuality "1"]
[TimeControl "5400+30"]

1. e4 e5 2. Nf3 Nc6 3. Bc4 Nf6 4. d3 Be7 5. Nc3 d6 6. a3 O-O 7. h3 Be6 8. Nd5 Bxd5 9. exd5 Nb8 10. O-O c6 11. dxc6 Nxc6 12. b4 d5 13. Ba2 e4 14. Nh2 a5 15. b5 Nd4 16. c4 dxc4 17. Bxc4 Qb6 18. dxe4 Nxe4 19. Be3 Bc5 20. Bd3 Rfe8 21. Re1 Rad8 22. Qb1 Nc3 23. Qb2 Na4 24. Qb1 Nc3 25. Qb2 Na4 26. Qb1 1/2-1/2

[Event "AUT-ch U18-Open 2025"]
[Site "Fuerstenfeld"]
[Date "2025.04.16"]
[Round "6.3"]
[White "Gold, Theodor"]
[Black "Gruenwald, Simon"]
[Result "1/2-1/2"]
[Annotator "NA RC"]
[ECO "B15"]
[WhiteElo "2066"]
[BlackElo "2101"]
[PlyCount "43"]
[EventDate "2025.04.12"]
[EventType "swiss"]
[EventCountry "AUT"]
[SourceTitle "playchess.com"]
[Source "ChessBase"]
[SourceQuality "1"]
[TimeControl "5400+30"]

1. e4 c6 2. d4 d5 3. Nc3 dxe4 4. Nxe4 Nf6 5. Nxf6+ exf6 6. c3 Bd6 7. Bd3 O-O 8. Qc2 Re8+ 9. Ne2 h5 10. O-O h4 11. Nf4 Nd7 12. Qd1 Nf8 13. Qh5 g6 14. Nxg6 fxg6 15. Bxg6 Nxg6 16. Qxg6+ Kh8 17. Bh6 Bf8 18. Bxf8 Rxf8 19. Qh6+ Kg8 20. Qg6+ Kh8 21. Qh6+ Kg8 22. Qg6+ 1/2-1/2

[Event "AUT-ch U18-Open 2025"]
[Site "Fuerstenfeld"]
[Date "2025.04.16"]
[Round "6.4"]
[White "Loretz, Jonas"]
[Black "Zaytsev, Alexander"]
[Result "1-0"]
[Annotator "RC"]
[ECO "B40"]
[WhiteElo "1869"]
[BlackElo "2178"]
[PlyCount "161"]
[EventDate "2025.04.12"]
[EventType "swiss"]
[EventCountry "AUT"]
[SourceTitle "playchess.com"]
[Source "ChessBase"]
[SourceQuality "1"]
[TimeControl "5400+30"]

1. e4 c5 2. Nf3 e6 3. d4 cxd4 4. Nxd4 Nf6 5. Nc3 Nc6 6. Nxc6 bxc6 7. Bd3 d5 8. O-O Be7 9. b3 a5 10. Qe2 O-O 11. Bb2 Qc7 12. Na4 Nd7 13. f4 Nc5 14. Nxc5 Bxc5+ 15. Kh1 Qb6 16. Rf3 e5 17. exd5 Bd4 18. c3 cxd5 19. cxd4 e4 20. Bxe4 dxe4 21. Qxe4 Bb7 22. d5 Rfe8 23. Qd3 Rad8 24. Rg3 f6 25. Rh3 Bxd5 26. Qxh7+ Kf7 27. Qh5+ Kg8 28. Qg6 Qf2 29. Bc3 Be4 30. Qg3 Qc2 31. Rg1 Rd3 32. Qg4 Qxc3 33. Qh5 Qc8 34. Rxd3 Bxd3 35. Qd5+ Qe6 36. Qxd3 Qb6 37. Qd5+ Kf8 38. h3 Qb4 39. Rd1 Re1+ 40. Rxe1 Qxe1+ 41. Kh2 Qf2 42. Qd6+ Kg8 43. a3 Qe3 44. b4 Qxa3 45. Qd8+ Kh7 46. Qxa5 Qc3 47. Qc5 Qd2 48. Qc4 Qd6 49. Qe4+ Kg8 50. h4 f5 51. Qc4+ Kh7 52. b5 Qb6 53. Qe2 g6 54. h5 Qf6 55. hxg6+ Qxg6 56. Qe7+ Kh8 57. Qg5 Qe6 58. Qd8+ Kg7 59. b6 Qh6+ 60. Kg3 Qe6 61. Qd4+ Kg6 62. Kh2 Qe1 63. Kh3 Qh1+ 64. Kg3 Qe1+ 65. Qf2 Qe4 66. Qf3 Qe1+ 67. Kh2 Qh4+ 68. Qh3 Qe7 69. Qg3+ Kf7 70. Qg5 Qe4 71. Qh6 Kg8 72. Qg6+ Kh8 73. Qf6+ Kg8 74. Qd8+ Kg7 75. Qc7+ Kh6 76. b7 Qe1 77. Qd8 Qe2 78. Qh4+ Kg6 79. Qg5+ Kh7 80. Qxf5+ Kg7 81. Qe5+ 1-0

[Event "AUT-ch U18-Open 2025"]
[Site "Fuerstenfeld"]
[Date "2025.04.16"]
[Round "6.5"]
[White "Jetzl, Julian"]
[Black "Maier, Tobias"]
[Result "1-0"]
[Annotator "NA RC"]
[ECO "A48"]
[WhiteElo "2146"]
[BlackElo "1915"]
[PlyCount "71"]
[EventDate "2025.04.12"]
[EventType "swiss"]
[EventCountry "AUT"]
[SourceTitle "playchess.com"]
[Source "ChessBase"]
[SourceQuality "1"]
[TimeControl "5400+30"]

1. d4 Nf6 2. Bf4 g6 3. e3 Bg7 4. Nf3 d6 5. h3 O-O 6. Be2 c5 7. O-O cxd4 8. exd4 Nc6 9. c3 Nd5 10. Bg3 e5 11. Qb3 Nb6 12. dxe5 Be6 13. Qa3 dxe5 14. Rd1 Qc8 15. Nbd2 Re8 16. Qc5 f5 17. Nc4 Nxc4 18. Bxc4 Bxc4 19. Qxc4+ Kh8 20. Ng5 Nd8 21. Qh4 h6 22. Bxe5 Kg8 23. Bxg7 Kxg7 24. Qd4+ Kg8 25. Nf3 Nf7 26. Re1 Rd8 27. Qb4 b6 28. Nd4 Rd6 29. Re7 Rd7 30. Re2 Qa6 31. Re6 Kg7 32. h4 h5 33. Qb3 Qa5 34. Rxg6+ Kh7 35. Rf6 Nd6 36. Qe6 1-0

[Event "AUT-ch U18-Open 2025"]
[Site "Fuerstenfeld"]
[Date "2025.04.16"]
[Round "6.6"]
[White "Hengl, Philip"]
[Black "Hake, Nils"]
[Result "1-0"]
[Annotator "RC"]
[ECO "B20"]
[WhiteElo "2205"]
[BlackElo "2054"]
[PlyCount "57"]
[EventDate "2025.04.12"]
[EventType "swiss"]
[EventCountry "AUT"]
[SourceTitle "playchess.com"]
[Source "ChessBase"]
[SourceQuality "1"]
[TimeControl "5400+30"]

1. e4 c5 2. b3 g6 3. Bb2 Nf6 4. Nc3 d6 5. Nd5 Bg7 6. Nxf6+ exf6 7. Bc4 O-O 8. Ne2 Nc6 9. O-O Be6 10. Bd5 Nb4 11. c4 Bxd5 12. exd5 f5 13. Bxg7 Kxg7 14. d4 b6 15. dxc5 bxc5 16. Qd2 Re8 17. Nc3 Na6 18. Nb5 Nc7 19. Qc3+ f6 20. Na3 Re5 21. Nc2 Qd7 22. a3 Rc8 23. Ne1 Re4 24. Nd3 g5 25. Rfe1 Na8 26. f3 Ree8 27. Ra2 Nb6 28. Rae2 Kf7 29. Re6 1-0

[Event "AUT-ch U18-Open 2025"]
[Site "Fuerstenfeld"]
[Date "2025.04.16"]
[Round "6.7"]
[White "Mangeng, Lukas"]
[Black "Fitz, Jonathan David"]
[Result "0-1"]
[Annotator "NA RC"]
[ECO "D37"]
[WhiteElo "1688"]
[BlackElo "1918"]
[PlyCount "44"]
[EventDate "2025.04.12"]
[EventType "swiss"]
[EventCountry "AUT"]
[SourceTitle "playchess.com"]
[Source "ChessBase"]
[SourceQuality "1"]
[TimeControl "5400+30"]

1. d4 Nf6 2. c4 e6 3. Nc3 d5 4. e3 Be7 5. Nf3 O-O 6. Bd3 dxc4 7. Bxc4 a6 8. O-O b5 9. Bd3 Bb7 10. Bd2 Nbd7 11. a3 c5 12. Qe2 Qb6 13. dxc5 Nxc5 14. Bc2 Nce4 15. Nxe4 Nxe4 16. Bc1 Rac8 17. b4 Nc3 18. Qe1 Bxf3 19. gxf3 Qc6 20. Bb2 Ne2+ 21. Qxe2 Qxc2 22. Rfe1 Qg6+ 0-1

[Event "AUT-ch U18-Open 2025"]
[Site "Fuerstenfeld"]
[Date "2025.04.16"]
[Round "6.8"]
[White "Pedevilla, Luis"]
[Black "Archan, Elikya"]
[Result "1/2-1/2"]
[Annotator "NA RC"]
[ECO "C11"]
[WhiteElo "1925"]
[BlackElo "2048"]
[PlyCount "114"]
[EventDate "2025.04.12"]
[EventType "swiss"]
[EventCountry "AUT"]
[SourceTitle "playchess.com"]
[Source "ChessBase"]
[SourceQuality "1"]
[TimeControl "5400+30"]

1. e4 e6 2. d4 d5 3. Nc3 Nf6 4. e5 Nfd7 5. Nce2 c5 6. c3 Nc6 7. f4 Qb6 8. Nf3 f6 9. a3 Be7 10. Ng3 cxd4 11. cxd4 O-O 12. Be2 fxe5 13. fxe5 Rxf3 14. gxf3 Nxd4 15. f4 Nb3 16. Rb1 Bc5 17. Rf1 Bd4 18. Bd3 Ndc5 19. Bc2 Qa5+ 20. Bd2 Qb5 21. Bb4 Be3 22. Bxc5 Nxc5 23. b4 Nd7 24. Rf3 d4 25. Ne4 Nf8 26. a4 Qc6 27. Qd3 Bd7 28. b5 Qc7 29. Nd6 a6 30. b6 Qd8 31. Rxe3 dxe3 32. Qxe3 Bc6 33. Qh3 a5 34. Bb3 Qe7 35. Ke2 Kh8 36. Ra1 Rd8 37. Rd1 h6 38. Nf7+ Qxf7 39. Rxd8 Qxf4 40. Qe3 Qb4 41. Kf1 Kh7 42. Bc2+ g6 43. Qf2 Qc4+ 44. Ke1 Qc3+ 45. Kf1 Qc4+ 46. Rd3 Nd7 47. Qf7+ Kh8 48. Qxg6 Nc5 49. Qxh6+ Kg8 50. Qg6+ Kh8 51. Kg1 Nxd3 52. Bxd3 Qd4+ 53. Kf1 Qf4+ 54. Kg1 Qe3+ 55. Kf1 Qf3+ 56. Ke1 Qe3+ 57. Kf1 Qf3+ 1/2-1/2